 Dungeon Crawl Stone Soup version 0.20-a0-217-g17e8ceb (webtiles) character file.

78 FitzyFitz the Ruffian (level 4, 44/44 HPs)
             Began as a Troll Monk on Nov 29, 2016.
             Was a Believer of Makhleb.
             Got out of the dungeon alive.
             The game lasted 00:03:48 (1347 turns).

FitzyFitz the Ruffian (Troll Monk)                  Turns: 1347, Time: 00:03:49

Health: 44/44      AC:  5    Str: 20    XL:     4   Next: 15%
Magic:  3/3        EV: 10    Int:  3    God:    Makhleb [**....]
Gold:   48         SH:  0    Dex: 12    Spells: 3/3 levels left

rFire  . . .     SeeInvis .       - Unarmed
rCold  . . .     Gourm    +     a - +0 robe
rNeg   . . .     Faith    .     (no shield)
rPois  .         Spirit   .     (helmet restricted)
rElec  .         Reflect  .     (no cloak)
rCorr  .         Harm     .     (gloves unavailable)
MR     .....                    (boots unavailable)
Stlth  ++........               g - amulet of magic regeneration
                                (no ring)
                                f - -3 ring of intelligence (curse)

@: no status effects
A: unfitting armour, claws 3, fast metabolism 3, gourmand, regeneration 1,
shaggy fur 1, tough skin 2
a: Minor Destruction, Renounce Religion


You escaped.
You worshipped Makhleb.
Makhleb was pleased with you.
You were very full.

You visited 1 branch of the dungeon, and saw 2 of its levels.

You collected 48 gold pieces.

Inventory:

Hand Weapons
 j - a +2 glaive of venom
 u - a +0 hunting sling
Missiles
 d - 111 stones (quivered)
Armour
 a - a +0 robe (worn)
Jewellery
 f - a cursed -3 ring of intelligence (left claw)
 g - an amulet of magic regeneration (around neck)
Scrolls
 c - 3 scrolls of identify {unknown}
 e - 2 scrolls of immolation {unknown}
 i - a scroll of noise {unknown}
 k - 2 scrolls of magic mapping {unknown}
 n - 2 scrolls of remove curse {unknown}
 r - a scroll of random uselessness {unknown}
 s - 2 scrolls of teleportation {unknown}
Potions
 m - 3 potions of curing {unknown}
 o - a potion of degeneration {unknown}
 t - a potion of ambrosia {unknown}
 v - a potion of beneficial mutation {unknown}
Comestibles
 b - 2 bread rations
 h - 2 meat rations
 l - a chunk of flesh
 p - 5 fruits
 q - a slice of pizza
 w - a beef jerky


   Skills:
 - Level 2.4 Fighting
 - Level 2.4 Dodging
 - Level 1.0 Stealth
 + Level 5.0 Unarmed Combat


You had 3 spell levels left.
You didn't know any spells.

Dungeon Overview and Level Annotations

Branches:
Dungeon (2/15)

Altars:
Makhleb


Innate Abilities, Weirdness & Mutations

You are too large for most types of armour.
You have claws for hands.
Your metabolism is lightning-fast.
You like to eat raw meat.
Your natural rate of healing is unusually fast.
You are covered in fur. (AC +1)
You have very tough skin. (AC +2)


Message History

This raw flesh tastes great.
Done exploring.
Done exploring.
(D) Dungeon
Where to? (Enter - D:2, ? - help)
Things that are here:
an uncursed club; an uncursed hunting sling
There is a stone staircase leading up here.
You climb upwards.
There is a stone staircase leading down here.
(D) Dungeon
Where to? (Enter - D:1, ? - help)
Okay, then.
You see here a ring mail.
You see here 13 bolts.
You enter the shallow water.
Moving in this stuff is going to be slow.
There is a staircase leading out of the dungeon here.
Are you sure you want to leave the Dungeon?
This will make you lose the game!
You have escaped!

^..≈≈≈≈≈.≈≈≈≈.....#...#
######
...............####...#
#########.####..# #...#
#..####.###...## ##
##.............# #.
###.........### #.
#.........# #.
#.........# #.
####8@8#### #. ##### #.
#. #. #. #. #. #. #.


There were no monsters in sight!

Vanquished Creatures
  4 adders (D:2)
  An ooze (D:1)
  A dart slug (D:1)
  A leopard gecko (D:2)
  8 bats
  2 giant cockroaches
  A hobgoblin (D:2)
  4 jackals (D:1)
  5 frilled lizards
  3 goblins
  8 rats
38 creatures vanquished.

Notes
Turn   | Place    | Note
-------+----------+-------------------------------------------
     0 | D:1      | FitzyFitz the Troll Monk began the quest for the Orb.
     0 | D:1      | Reached XP level 1. HP: 22/22 MP: 0/0
   296 | D:1      | Reached XP level 2. HP: 29/29 MP: 1/1
   450 | D:1      | Reached skill level 4 in Unarmed Combat
   595 | D:2      | Reached XP level 3. HP: 35/36 MP: 2/2
  1004 | D:2      | Reached XP level 4. HP: 43/44 MP: 3/3
  1113 | D:2      | Reached skill level 5 in Unarmed Combat
  1118 | D:2      | Found a faded altar of an unknown god.
  1165 | D:2      | Became a worshipper of Makhleb the Destroyer
  1165 | D:2      | Reached * piety under Makhleb
  1165 | D:2      | Reached ** piety under Makhleb
  1347 | D:$      | Got out of the dungeon alive.

Vault maps used:
D:1:      mrwooster_arrival_statue, minivault_14
D:2:      chequers_ecumenical_altar_lobes, hangedman_decor_lopped

Skill      XL: |  1  2  3  4 |
---------------+-------------+-----
Unarmed Combat | 4 5 |  5.0
Fighting       | |  2.4
Dodging        | |  2.4
Stealth        | |  1.0

Action                   |  1- 3 |  4- 6 || total
-------------------------+-------+-------++-------
Melee: Unarmed           |    87 |     5 ||    92
       Punch             |     2 |       ||     2
 Stab: Sleeping          |     1 |       ||     1
  Eat: Chunk             |    15 |     2 ||    17
Armor: Robe              |    60 |     1 ||    61
Dodge: Dodged            |    54 |     2 ||    56
